AoeStats
← PAN71226

Arabia

509768962Analyzed
1v1 RM · 3d ago on Sep 28, 2026· 51m 10s· 2 players
Game mode
Random Map
Map size
Tiny (2 player)
Population
200
Speed
Normal
Resources
Standard
Victory
Conquest
Starting age
Dark Age
Ending age
Imperial Age
RankedLock teamsTeams togetherTeam positionsShared explorationLock speedFull tech treeHidden civsTurbo modeCheats
Victory
Defeat
🇨🇴 Persians · Colombia
925
+14
🇺🇸 Mongols · United States
878
-14
xcnico
8:55 Feudal Age
9:21 Double-Bit Axe
11:20 Loom
15:14 Gold Mining
21:09 Castle Age
19:53 Stone Mining
20:44 Scale Barding Armor
20:53 Fletching
22:13 Bow Saw
22:44 Gold Shaft Mining
22:57 Town Watch
23:16 Bodkin Arrow
23:45 Padded Archer Armor
27:26 Chain Barding Armor
29:51 Wheelbarrow
29:57 Bloodlines
32:08 Thumb Ring
33:01 Leather Archer Armor
34:58 Elite Skirmisher
36:37 Stone Shaft Mining
36:04 Horse Collar
36:54 Ballistics
43:46 Imperial Age
51:42 Chemistry
51:09 Siege Engineers
PAN71226
6:55 Loom
9:09 Feudal Age
19:32 Castle Age
18:30 Gold Mining
18:49 Double-Bit Axe
19:11 Town Watch
21:15 Bloodlines
24:03 Husbandry
24:22 Fletching
25:22 Fervor
25:55 Forging
27:38 Parthian Tactics
29:52 Wheelbarrow
30:15 Town Patrol
30:17 Pikeman
33:36 Elite Skirmisher
34:33 Bodkin Arrow
35:17 Iron Casting
37:22 Scale Barding Armor
40:00 Imperial Age
38:49 Thumb Ring
41:57 Chain Barding Armor
41:29 Heavy Camel Rider
43:01 Ballistics
46:22 Chemistry
Connection lost

Rejoining the realm…

Still unreachable

The connection could not be restored.

Session expired

The server has moved on; the page needs a fresh start.